 Dungeon Crawl Stone Soup version 0.26-b1-32-g5d43845318 (webtiles) character file.

Game seed: 5161950644330327368

27778 loralnil the Basher (level 13, -11/87 HPs)
             Began as a Gargoyle Fighter on Jan 13, 2021.
             Was an Elder of the Shining One.
             Collided with a stone wall (12 damage)
             ... caused by a wretched star
             ... on level 2 of the Abyss.
             The game lasted 00:28:52 (16537 turns).

loralnil the Basher (Gargoyle Fighter)             Turns: 16537, Time: 00:28:52

Health: -11/87     AC: 23    Str: 24      XL:     13   Next: 34%
Magic:  6/19       EV: 27    Int: 12 (13) God:    the Shining One [****..]
Gold:   1175       SH: 17    Dex:  9      Spells: 12/12 levels left

rFire    + . .     SeeInvis .   J - +3 mace (freeze)
rCold    + + .     Faith    .   h - +2 buckler
rNeg     + + +     Spirit   .   b - +0 scale mail
rPois    ∞         Reflect  .   D - +1 helmet {Int+3}
rElec    +         Harm     .   g - scarf {rC+ rF+}
rCorr    .         Rampage  .   k - +0 pair of gloves
Will     .....     Rnd*Rage +   u - +0 pair of boots
Stlth    ..........             K - amulet of the acrobat
HPRegen  0.24/turn              z - ring of protection from cold
MPRegen  0.16/turn              (no ring)

@: divine shield, acrobat, glowing
A: [berserk 2], [blurry vision 1], negative energy resistance 1, electricity
resistance, unbreathing, petrification resistance, miasma immunity, [subdued
magic 2], AC +9
a: Renounce Religion, Divine Shield, Cleansing Flame


You were on level 2 of the Abyss.
You worshipped the Shining One.
The Shining One was greatly pleased with you.
You visited 2 branches of the dungeon, and saw 13 of its levels.
You visited the Abyss 1 time.
You also visited: Ice Cave.

You collected 1281 gold pieces.
You spent 106 gold pieces at shops.

Inventory:

Hand Weapons
 y - a +0 morningstar
 J - a +3 mace of freezing (weapon)
Armour
 b - a +0 scale mail (worn)
 c - a +0 kite shield
 g - a scarf of resistance (worn)
 h - a +2 buckler (worn)
 k - a +0 pair of gloves (worn)
 u - a +0 pair of boots (worn)
 D - a +1 helmet of intelligence (worn)
Jewellery
 a - an uncursed amulet of magic regeneration
 z - a ring of protection from cold (left hand)
 K - an amulet of the acrobat (around neck)
Wands
 e - a wand of polymorph (7)
 p - a wand of acid (28)
 G - a wand of iceblast (13)
Scrolls
 f - a scroll of amnesia {unknown}
 i - 2 scrolls of fog
 j - 7 scrolls of remove curse
 o - 3 scrolls of random uselessness {unknown}
 q - 4 scrolls of immolation
 s - 5 scrolls of teleportation
 x - 2 scrolls of magic mapping
 A - a scroll of holy word {unknown}
 E - 2 scrolls of enchant armour {unknown}
 F - 2 scrolls of noise {unknown}
 H - a scroll of acquirement {unknown}
 I - a scroll of vulnerability {unknown}
Potions
 d - 4 potions of might
 l - 5 potions of ambrosia
 m - 2 potions of flight {unknown}
 n - 2 potions of brilliance
 r - 3 potions of attraction
 t - 2 potions of cancellation
 v - 2 potions of curing
 w - a potion of magic {unknown}
 B - a potion of mutation {unknown}
 C - a potion of lignification {unknown}


   Skills:
 * Level 12.5 Fighting
 + Level 12.9 Maces & Flails
 + Level 8.4 Armour
 + Level 4.9 Dodging
 + Level 1.4 Stealth
 + Level 9.2 Shields
 * Level 8.3 Invocations


You had 12 spell levels left.
You didn't know any spells.
Your spell library contained the following spells:

 Spells                   Type           Power        Failure   Level
 Animate Skeleton         Necr           0%           47%         1
 Apportation              Tloc           0%           47%         1
 Corona                   Hex            0%           47%         1
 Magic Dart               Conj           0%           47%         1
 Sting                    Tmut/Pois      0%           47%         1
 Summon Small Mammal      Summ           0%           47%         1
 Blink                    Tloc           N/A          63%         2
 Call Imp                 Summ           0%           63%         2
 Poisonous Vapours        Pois/Air       0%           63%         2
 Slow                     Hex            0%           63%         2
 Conjure Flame            Conj/Fire      0%           87%         3
 Ignite Poison            Fire/Tmut/Pois 0%           87%         3
 Mephitic Cloud           Conj/Pois/Air  0%           87%         3
 Olgreb's Toxic Radiance  Pois           0%           99%         4


Dungeon Overview and Level Annotations

Branches:
Dungeon (12/15)            Temple (1/1) D:6            Lair (0/6) D:9
    Orc (0/2) D:11          IceCv (visited)

Altars:
Ashenzari
Cheibriados
Dithmenos
Elyvilon
Gozag
Hepliaklqana
Kikubaaqudgha
Makhleb
Qazlal
Ru
Sif Muna
Trog
Uskayaw
Vehumet
Wu Jian
Xom
Yredelemnul
The Shining One
Beogh

Shops:
D:4 (**(!   D:7 !   D:11 :??

Annotations:
D:9 2 transporters, Borgoz's ghost, novice GrGl


Innate Abilities, Weirdness & Mutations

You are resistant to torment.
Your stone body is resilient. (AC +9)
You are immune to poison.
You resist negative energy. (rN+)
You are resistant to electric shocks. (rElec)
You can survive without breathing.
You are immune to petrification.
You are immune to miasma.
[You often lose your temper in combat.]
[Scrolls take you a little longer to read.]
[Your spells are easier to cast, but less powerful.]


Message History

The lance of force hits you!!
* * * LOW HITPOINT WARNING * * *
You are knocked back by the lance of force.
You slam into the stone wall!
A white imp comes into view.
Unknown command.
Okay, then.
Really read with blurry vision while enemies are nearby? [Y]es or [N]o only, please.
Really read with blurry vision while enemies are nearby?
Okay, then.
The wretched star pulses with an eldritch light!
Your connection to magic feels subdued.
Your connection to magic feels more subdued.
The wretched star glows turbulently.
The lance of force hits you!
* * * LOW HITPOINT WARNING * * *
You are knocked back by the lance of force.
You slam into the stone wall!
You die...

#.# ##.## #.#
...###...###...
..#.....#..
.x.......
#.....# #**.#
##.## ##...##
#..@..#
.....#.#### #
§#..##.##### .
.5..##.....# .#
.##.......##
#.# ...#.#. ###
# # #.#... . #
# #.#4#.. . .
.....##..#..


You could see 2 wretched stars and an orange demon (wandering).

Vanquished Creatures
  A frost giant (IceCv)
  A hydra (D:11)
  A boulder beetle (D:12)
  3 two-headed ogres
  A wretched star (Abyss:2)
  A wizard (D:12)
  2 ugly things
  A smoke demon (Abyss:2)
  An ice statue (IceCv)
  A kobold demonologist (D:12)
  A komodo dragon (D:9)
  A rime drake (IceCv)
  A queen bee (D:11)
  2 hornets
  18 polar bears (IceCv)
  A slime creature (D:7)
  Grinder (D:5)
  A meliai zombie (D:12)
  6 raiju (Abyss:2)
  Sigmund (D:2)
  A wraith (D:8)
  29 yaks
  A ynoxinul (Abyss:2)
  3 wyverns
  2 basilisks
  Grum (D:9)
  Eustachio (D:5)
  Menkaure (D:5)
  2 large abominations (Abyss:2)
  5 black bears
  2 sky beasts
  An ice beast (D:9)
  9 orc warriors
  A necrophage (D:7)
  2 eyes of draining
  13 wolves
  7 ogres
  3 phantoms
  A centaur (D:5)
  A big kobold (D:12)
  5 bullfrogs
  A gnoll sergeant (D:10)
  A small abomination (Abyss:2)
  A water moccasin zombie (D:8)
  3 scorpions
  39 killer bees
  5 wights
  4 electric eels (D:10)
  3 howler monkeys
  2 bullfrog zombies
  5 hounds
  Crazy Yiuf (D:7)
  5 jellies
  7 orc wizards
  9 orc priests
  A bullfrog skeleton (D:10)
  Jessica (D:3)
  5 iguanas
  5 worker ants
  A hound skeleton (D:6)
  A howler monkey zombie (D:8)
  A worker ant zombie (D:3)
  16 gnolls
  17 adders
  A shadow imp (D:6)
  4 white imps
  4 ufetubi
  2 oozes
  3 adder skeletons (D:8)
  2 worms (D:2)
  3 dart slugs
  6 leopard geckos
  40 orcs
  7 giant cockroaches
  2 goblins (D:3)
  7 hobgoblins
  8 jackals
  5 quokkas
  5 bats
  3 frilled lizards
  A giant cockroach zombie (D:4)
  A jackal zombie (D:8)
  10 kobolds
  2 quokka skeletons
  A quokka zombie (D:6)
  5 rats
393 creatures vanquished.

Vanquished Creatures (others)
  4 yaks (IceCv)
  An adder (D:4)
  8 plants (D:4)
13 creatures vanquished.

Grand Total: 406 creatures vanquished

Notes
Turn   | Place    | Note
-------+----------+-------------------------------------------
     0 | D:1      | loralnil the Gargoyle Fighter began the quest for the Orb.
     0 | D:1      | Reached XP level 1. HP: 14/14 MP: 1/1
   235 | D:1      | Reached XP level 2. HP: 19/19 MP: 2/2
   654 | D:1      | Reached XP level 3. HP: 17/24 MP: 3/3
   751 | D:2      | Found a broken altar of Ashenzari.
  1038 | D:2      | Reached XP level 4. HP: 29/29 MP: 4/4
  1223 | D:2      | Noticed Sigmund
  1309 | D:2      | Killed Sigmund
  1310 | D:2      | Reached skill level 1 in Dodging
  1310 | D:2      | Reached XP level 5. HP: 27/34 MP: 5/5
  1310 | D:2      | Reached XP level 6. HP: 31/39 MP: 6/6
  2450 | D:3      | Noticed Jessica
  2452 | D:3      | Killed Jessica
  2765 | D:4      | Reached skill level 5 in Fighting
  3041 | D:4      | Found a sacrificial altar of Ru.
  3041 | D:4      | Found a stormy altar of Qazlal.
  3050 | D:4      | Reached XP level 7. HP: 44/44 MP: 7/7
  3064 | D:4      | Found a radiant altar of Vehumet.
  3066 | D:4      | Found an ornate altar of the Wu Jian Council.
  3066 | D:4      | Found an ancient bone altar of Kikubaaqudgha.
  3072 | D:4      | Found a hide-covered altar of Uskayaw.
  3126 | D:4      | Found Rana Unithri's Distillery.
  3132 | D:4      | Bought a potion of heal wounds for 70 gold pieces
  3442 | D:4      | Found Rafroump's Assorted Antiques.
  3445 | D:4      | Found Qiad's Weapon Boutique.
  3519 | D:4      | Found Igratruj's Assorted Antiques.
  3539 | D:4      | Found a stormy altar of Qazlal.
  3620 | D:4      | Found Vac Zipt's Weapon Boutique.
  3899 | D:5      | Entered Level 5 of the Dungeon
  3899 | D:5      | Found a bloodstained altar of Trog.
  3947 | D:5      | Reached skill level 5 in Maces & Flails
  3994 | D:5      | Noticed Grinder
  4007 | D:5      | Paralysed by Grinder for 6 turns
  4032 | D:5      | Killed Grinder
  4033 | D:5      | Reached skill level 5 in Armour
  4033 | D:5      | Reached skill level 5 in Shields
  4033 | D:5      | Reached XP level 8. HP: 24/51 MP: 8/8
  4280 | D:5      | Noticed Menkaure
  4295 | D:5      | Killed Menkaure
  4566 | D:5      | Noticed Eustachio
  4620 | D:5      | Killed Eustachio
  4848 | D:6      | Found a burning altar of Makhleb.
  4953 | D:6      | Found a staircase to the Ecumenical Temple.
  4960 | Temple   | Entered the Ecumenical Temple
  5056 | Temple   | Became a worshipper of the Shining One
  5145 | D:6      | Reached XP level 9. HP: 20/56 MP: 9/9
  5932 | D:6      | Reached skill level 1 in Invocations
  5988 | D:6      | Reached * piety under the Shining One
  6338 | D:7      | Found Omokuph's Distillery.
  6346 | D:7      | Bought a potion of curing for 36 gold pieces
  7170 | D:7      | Found a runed translucent door.
  7171 | D:7      | Noticed Crazy Yiuf
  7181 | D:7      | Killed Crazy Yiuf
  7733 | D:7      | Reached XP level 10. HP: 42/64 MP: 10/12
  8193 | D:8      | Reached ** piety under the Shining One
  8575 | D:8      | Found an opulent altar of Gozag.
  8806 | D:9      | Found a shadowy altar of Dithmenos.
  9084 | D:9      | Found a staircase to the Lair.
  9153 | D:9      | Noticed a two-headed ogre
  9153 | D:9      | Noticed Borgoz's ghost (novice GrGl)
  9156 | D:9      | Found a transporter.
  9217 | D:9      | Found a transporter.
  9218 | D:9      | Noticed Grum
  9250 | D:9      | Killed Grum
  9406 | D:9      | Found a shimmering altar of Xom.
  9626 | D:9      | Found a roughly hewn altar of Beogh.
  9640 | D:9      | Reached skill level 10 in Maces & Flails
 10193 | D:9      | Reached XP level 11. HP: 37/71 MP: 10/14
 10433 | D:10     | Entered Level 10 of the Dungeon
 10445 | D:10     | Noticed a two-headed ogre
 10445 | D:10     | Reached *** piety under the Shining One
 10470 | D:10     | Killed a two-headed ogre
 10485 | D:9      | Reached skill level 5 in Invocations
 10787 | D:10     | Reached skill level 10 in Fighting
 11421 | D:10     | Noticed a two-headed ogre
 11433 | D:10     | Killed a two-headed ogre
 11758 | D:11     | Found Jounemadgh's Book Emporium.
 11912 | D:11     | Noticed a six-headed hydra
 11981 | D:11     | Killed a six-headed hydra
 12189 | D:11     | Found a frozen archway.
 12198 | IceCv    | Entered an ice cave
 12292 | IceCv    | Reached XP level 12. HP: 55/79 MP: 16/16
 14368 | IceCv    | Noticed a frost giant
 14388 | IceCv    | HP: 4/80 [frost giant/bolt of cold (24)]
 14390 | IceCv    | Killed a frost giant
 14391 | IceCv    | Reached skill level 1 in Stealth
 14921 | D:11     | Found Syroeguwk's Magic Scroll Emporium.
 14932 | D:11     | Found a staircase to the Orcish Mines.
 15284 | D:11     | Noticed a two-headed ogre
 15299 | D:11     | Killed a two-headed ogre
 15300 | D:11     | Reached XP level 13. HP: 71/86 MP: 18/18
 15467 | D:11     | Found Duome Xau's Magic Scroll Shoppe.
 16185 | D:12     | Reached **** piety under the Shining One
 16187 | D:12     | Cast into level 2 of the Abyss (a wizard)
 16537 | Abyss:2  | HP: 1/87 [wretched star/lance of force (9)]
 16537 | Abyss:2  | Collided with a stone wall

Illustrated notes

Levels and vault maps discovered:
D:1:      minmay_arrival_doors, layout_basic
D:2:      layout_rooms, nicolae_overflow_hidden_temple, uniq_sigmund
D:3:      layout_basic, uniq_jessica
D:4:      layout_basic, grunt_temple_overflow_open,
          chequers_temple_overflow_statue_of_worship, serial_bayou,
          serial_bayou_shore_a, serial_bayou_lagoon_a, serial_bayou_pond_c,
          serial_bayou_pond_d, serial_shops, shop, shop,
          nicolae_shop_behind_doors, kennysheep_mini_moat, shop_statue,
          grunt_qazlal_clouds
D:5:      layout_rooms, basic_altar, uniq_menkaure, uniq_grinder, uniq_eustachio
D:6:      layout_layer_cave, bloody_makhleb, minmay_temple_entry_ruins
D:7:      layout_layer_cave, serial_shops, nicolae_shop_crystal,
          uniq_crazy_yiuf_cottage
D:8:      nzn_winding_woodlands_small [nzn_winding_woodlands_5x15_default,
          nzn_winding_woodlands_center_pierced_h,
          nzn_winding_woodlands_5x15_zeroes], layout_cave_pods,
          nicolae_gozag_cash_rules_everything_around_me
D:9:      cheibrodos_barr_body, layout_long_grid, tgw_xom, david_lair_generic,
          special_room [special_room_orc], nzn_ghost_randoct,
          nicolae_dithmenos_the_darkroom, uniq_grum
D:10:     layout_basic
D:11:     layout_roguey [special_room_bee], orc_0_dummy, serial_shops,
          nicolae_shop_statue_plus, nicolae_shop_temple_entry_statues_fountains,
          kennysheep_mini, portal_ice_cave_entry_pillars_1
D:12:     minmay_wizard_corner, layout_small_grid
Temple:   minmay_temple_forest_path
Abyss:2:  base: D:4, hangedman_abyss_stitches_cave

Skill      XL: |  1  2  3  4  5  6  7  8  9 10 11 12 13 |
---------------+----------------------------------------+-----
Fighting       | 4 5 6 7 9 10 12 | 12.5
Maces & Flails | 3 4 5 7 8 10 11 12 | 12.9
Armour         | 4 5 6 7 8 |  8.4
Dodging        | 1 2 3 4 |  4.9
Shields        | 4 5 6 7 8 9 |  9.2
Invocations    | 2 4 6 7 8 |  8.3
Stealth        | 1 |  1.4

Action                   |  1- 3 |  4- 6 |  7- 9 | 10-12 | 13-15 || total
-------------------------+-------+-------+-------+-------+-------++-------
Melee: Flail             |   116 |   177 |   395 |  1085 |    97 ||  1870
       Mace              |       |       |       |       |    95 ||    95
Invok: Divine Shield     |       |       |       |    13 |     4 ||    17
       Cleansing Flame   |       |       |       |       |     2 ||     2
  Use: Scroll            |     1 |     4 |     4 |     5 |     2 ||    16
       Potion            |       |     1 |     3 |     8 |     1 ||    13
Armor: Scale mail        |    99 |   107 |   211 |   504 |    66 ||   987
Dodge: Dodged            |    68 |    73 |   203 |   436 |    65 ||   845
Block: Kite shield       |    50 |       |       |       |       ||    50
       Buckler           |    17 |    58 |   140 |   491 |    51 ||   757
